Map: Arctic Dream LE

Players

qqq - Winner!

  • Race: Protoss Protoss
  • Spawn Location: 11:00

Massa - Winner!

  • Race: Terran Terran
  • League: Gold
  • Spawn Location: 12:00

Yumdyen

  • Race: Protoss Protoss
  • Spawn Location: 5:00

Saint

  • Race: Terran Terran
  • Spawn Location: 6:00

VOD

Have the link to the VOD?

Description

Time

  • Played on: July 2, 2020, 2:10 p.m.
  • Length: 7:51
Show
View Real Time Build Order
Export as new Build Order

qqq Protoss - Winner!

Build Orders:  

Get SALT Encoding   

  12  0:02  Probe  
  13  0:15  Pylon  
  13  0:23  Probe  
  14  0:38  Forge  
  14  0:41  Pylon  
  14  0:45  Probe  
  15  0:56  Pylon  
  15  1:02  Probe  
  16  1:14  Probe  
  16  1:17  Photon Cannon  
  17  1:28  Pylon  
  16  2:02  Gateway  
  16  2:10  Nexus  
  16  2:44  Assimilator  
  16  2:45  Probe  
  16  2:46  Assimilator  
  17  2:52  Cybernetics Core  
  17  2:55  Pylon  
  17  2:57  Probe  
  18  3:10  Probe  
  19  3:22  Probe  
  19  3:25  Photon Cannon  
  20  3:28  Probe  
  20  3:34  Probe  
  22  3:36  Probe  
  23  3:45  Probe  
  23  3:46  Probe  
  25  3:57  Probe  
  26  4:04  Stargate  
  26  4:06  Pylon  
  26  4:09  Probe  
  27  4:20  Stalker  
  27  4:21  Probe  
  30  4:33  Probe  
  30  4:34  Assimilator  
  31  4:38  Assimilator  
  31  4:40  Stargate  
  32  4:45  Probe  
  32  4:55  Phoenix, Nexus  
  32  4:56  Pylon  
  32  4:57  Probe  
  32  4:58  Pylon  
  35  5:09  Probe  
  36  5:17  Photon Cannon  
  36  5:21  Probe  
  36  5:23  Phoenix  
  36  5:24  Protoss Air Weapons Level 1  
  39  5:29  Probe  
  40  5:37  Probe  
  40  5:39  Phoenix  
  43  5:48  Probe, Phoenix  
  46  6:00  Probe  
  47  6:04  Phoenix  
  49  6:12  Probe  
  49  6:15  Probe  
  51  6:20  Phoenix  
  51  6:24  Probe  
  54  6:27  Probe, Pylon  
  54  6:32  Photon Cannon  
  55  6:36  Probe  
  55  6:39  Probe, Phoenix  
  59  6:47  Phoenix  
  59  6:48  Probe  
  59  6:51  Probe  
  63  7:00  Probe  
  64  7:04  Probe, Phoenix  
  67  7:12  Phoenix  
  69  7:25  Probe  
  70  7:37  Probe  
Show
View Real Time Build Order
Export as new Build Order

Massa Terran - Winner!

Build Orders:  

Get SALT Encoding   

  12  0:02  SCV  
  13  0:14  Supply Depot  
  13  0:18  SCV  
  14  0:30  SCV  
  15  0:40  Barracks  
  15  0:42  SCV  
  16  0:54  SCV  
  16  0:56  Refinery  
  17  1:06  SCV  
  18  1:18  SCV  
  19  1:28  Marine, Supply Depot  
  19  1:30  SCV  
  21  1:42  SCV  
  22  1:54  SCV  
  22  1:59  Reaper  
  24  2:07  SCV  
  24  2:12  Barracks  
  24  2:17  Barracks  
  23  2:40  Reaper  
  24  2:46  Orbital Command  
  24  2:57  Command Center  
  24  3:12  Reaper  
  25  3:32  Marine x2  
  27  3:39  Supply Depot  
  27  3:40  Supply Depot  
  26  3:44  Marine  
  27  3:50  Marine x2  
  29  4:01  Marine  
  30  4:08  Marine  
  32  4:16  Barracks Tech Lab  
  31  4:19  Marine  
  31  4:23  SCV x2  
  34  4:25  Refinery  
  34  4:29  Factory  
  35  4:34  Engineering Bay  
  35  4:35  SCV x2  
  35  4:37  Barracks Tech Lab, Marine  
  37  4:39  Marauder  
  37  4:41  Concussive Shells  
  39  4:47  SCV x2  
  39  4:52  Factory  
  41  4:58  Refinery  
  41  4:59  SCV x2  
  43  5:00  Marauder  
  43  5:05  Barracks Reactor  
  45  5:11  SCV  
  47  5:14  Orbital Command  
  46  5:22  Marauder  
  46  5:23  SCV  
  49  5:29  Missile Turret  
  49  5:35  Factory Tech Lab, Missile Turret  
  49  5:40  Starport  
  49  5:47  SCV  
  49  5:48  SCV  
  51  5:51  Marauder x2  
  51  5:53  Factory Tech Lab  
  55  6:00  SCV x2  
  57  6:12  SCV, Marauder x2  
  62  6:25  Supply Depot x2  
  62  6:47  SCV, Medivac, Siege Tank  
  68  6:49  Supply Depot  
  67  6:58  Marauder  
  67  6:59  Marauder, Marine  
  71  7:12  Supply Depot  
  71  7:16  Medivac  
  71  7:20  Marauder x2  
  77  7:35  Supply Depot  
Show
View Real Time Build Order
Export as new Build Order

Yumdyen Protoss 

Build Orders:  

Get SALT Encoding   

  12  0:00  Probe  
  13  0:12  Probe  
  14  0:19  Pylon  
  14  0:23  Probe  
  15  0:33  Probe  
  15  0:40  Gateway  
  16  0:45  Probe  
  16  0:46  Assimilator  
  17  1:00  Probe  
  18  1:30  Probe  
  19  1:36  Gateway, Zealot, Cybernetics Core  
  21  1:59  Probe  
  21  2:29  Probe  
  21  2:41  Probe  
  21  2:45  Assimilator  
  21  2:55  Nexus  
  21  3:03  Warp Gate  
  21  3:04  Probe  
  22  3:12  Pylon  
  22  3:19  Probe  
  23  3:30  Stalker  
  25  3:35  Probe, Gateway  
  26  3:47  Probe  
  27  3:59  Stalker  
  27  4:08  Probe  
  28  4:10  Probe  
  28  4:16  Stalker  
  31  4:20  Probe  
  31  4:22  Probe  
  33  4:25  Stalker  
  35  4:33  Probe  
  35  4:34  Probe  
  37  4:38  Assimilator  
  37  4:42  Assimilator  
  37  4:44  Gateway  
  37  4:51  Probe x2  
  39  4:58  Pylon  
  39  5:00  Zealot  
  39  5:01  Zealot  
  39  5:03  Probe x2  
  39  5:06  Pylon  
  45  5:11  Twilight Council  
  45  5:23  Pylon, Nexus  
  45  5:28  Forge  
  45  5:29  Pylon, Stalker  
  45  5:33  Probe  
  45  5:34  Probe  
  49  5:45  Probe  
  49  5:46  Probe  
  51  5:55  Stalker  
  51  5:56  Stalker  
  55  6:02  Photon Cannon  
  55  6:14  Probe  
  55  6:15  Photon Cannon  
  55  6:16  Probe  
  57  6:23  Stalker  
  59  6:26  Probe  
  59  6:28  Stalker  
  62  6:37  Probe  
  62  6:38  Probe  
  64  6:59  Stalker x3  
  70  7:08  Stalker  
  72  7:16  Pylon  
Show
View Real Time Build Order
Export as new Build Order

Saint Terran 

Build Orders:  

Get SALT Encoding   

  12  0:01  SCV  
  13  0:17  SCV, Supply Depot  
  14  0:27  Refinery  
  14  0:30  SCV  
  15  0:43  Barracks  
  15  0:48  SCV  
  16  1:00  SCV  
  17  1:05  Supply Depot  
  17  1:15  SCV  
  18  1:39  Factory  
  17  1:55  Marine  
  17  1:59  Bunker  
  18  2:13  Marine  
  19  2:28  Supply Depot  
  17  2:40  Factory Tech Lab  
  17  2:46  Orbital Command  
  17  2:49  Refinery  
  17  2:50  Marine  
  17  2:59  Siege Tank  
  17  3:29  Marine  
  18  3:40  SCV  
  19  3:47  Marine  
  20  3:53  SCV  
  21  4:02  Siege Tank  
  24  4:04  Marine  
  24  4:05  SCV  
  27  4:17  SCV  
  27  4:29  SCV  
  27  4:41  SCV  
  27  4:44  Command Center  
  28  4:53  SCV  
  29  5:05  Barracks Tech Lab, SCV  
  30  5:12  Barracks  
  30  5:17  SCV  
  31  5:22  Engineering Bay  
  31  5:36  Supply Depot  
  31  5:48  Missile Turret  
  31  5:51  Missile Turret  
  31  5:55  SCV  
  32  6:00  Orbital Command  
  32  6:01  Missile Turret  
  32  6:07  SCV  
  32  6:08  Missile Turret  
  33  6:12  Barracks Reactor  
  33  6:20  SCV  
  34  6:32  SCV  
  35  6:37  Siege Tank  
  35  6:38  Marine  
  39  6:44  SCV  
  40  6:55  Marine  
  40  6:56  SCV  
  40  7:00  Marine  
  40  7:01  Marine  
  44  7:09  Siege Tank  
  44  7:15  SCV x2  
  49  7:18  Marine x2  
  49  7:19  Marine  
  52  7:27  SCV x2  
  52  7:47  Refinery  
Tags
 
Add a new tag
Caveats
  • Supply blocks, unpowered buildings, or Contaminate may cause inaccurate times.
  • Supply counts are checked every 10 seconds.